 Dungeon Crawl Stone Soup version 0.25.1-2-g60ff931df9 (console) character file.

Game seed: 17758162203251559848

30 Colgate the Skirmisher (level 3, 32/33 HPs)
             Began as a Minotaur Fighter on Aug 24, 2020.
             Quit the game on level 1 of the Dungeon.
             The game lasted 00:10:42 (537 turns).

Colgate the Skirmisher (Minotaur Fighter)            Turns: 537, Time: 00:10:42

Health: 32/33      AC:  8    Str: 20    XL:     3   Next: 5%
Magic:  2/2        EV:  7    Int:  5    God:
Gold:   19         SH:  9    Dex: 10    Spells: 2/2 levels left

rFire    . . .     SeeInvis .   a - +0 trident
rCold    . . .     Gourm    .   c - +0 kite shield
rNeg     . . .     Faith    .   b - +0 scale mail
rPois    .         Spirit   .   (helmet restricted)
rElec    .         Reflect  .   g - +0 cloak
rCorr    .         Harm     .   (no gloves)
MR       .....                  (no boots)
Stlth    ..........             (no amulet)
HPRegen  0.11/turn              (no ring)
MPRegen  0.08/turn              (no ring)

@: no status effects
A: retaliatory headbutt, horns 2
a: no special abilities


You were on level 1 of the Dungeon.
You were not hungry.

You visited 1 branch of the dungeon, and saw 1 of its levels.

You collected 19 gold pieces.

Inventory:

Hand Weapons
 a - a +0 trident (weapon)
Missiles
 h - 18 stones (quivered)
 i - a throwing net
 m - 19 bolts
Armour
 b - a +0 scale mail (worn)
 c - a +0 kite shield (worn)
 e - a +0 robe
 g - a +0 cloak (worn)
Scrolls
 j - a scroll of remove curse {unknown}
 l - a scroll of teleportation {unknown}
Potions
 d - a potion of might
Comestibles
 f - a ration


   Skills:
 - Level 4.0 Fighting
 - Level 3.0 Polearms
 + Level 0.4 Throwing
 - Level 4.0 Armour
 - Level 4.0 Shields


You had 2 spell levels left.
You didn't know any spells.
Your spell library was empty.

Dungeon Overview and Level Annotations

Branches:
Dungeon (1/15)

Altars:


Innate Abilities, Weirdness & Mutations

You reflexively headbutt those who attack you in melee.
You have a pair of horns on your head.


Message History

The bat hits you but does no damage. The bat hits you.
The rat closely misses you.
The frilled lizard unfolds its giant frill.
The frilled lizard barely misses you. You furiously retaliate!
You headbutt the frilled lizard!
You kill the frilled lizard!
The rat bites you but does no damage.
You puncture the rat!
You kill the rat!
The bat hits you.
You closely miss the bat. Your headbutt misses the bat.
The bat hits you but does no damage. You block the bat's attack.
Found 10 stones.
You closely miss the bat. You block the bat's attack.
The bat hits you but does no damage. You block the bat's attack.
All of the chunks of flesh in your inventory have rotted away.
You barely miss the bat. Your headbutt misses the bat.
The bat closely misses you.
You miss the bat. You block the bat's attack.
The bat hits you but does no damage.
You hit the bat.
You kill the bat!
h - 18 stones (gained 1)
You see here a +0 dagger.
Are you sure you want to abandon this character and quit the game? (Confirm with "yes".)

#####...#
#.#.......#
........#
#.#.####+##
#####...#####.#.#
#...........#.#
#.#...#######.#
#.##### #.# # #
#.# .# ###.####.#
#........#
#.###....# #..
#@.#..#
#.#.[(##..#
..##.(. .(# #.
#..#....# #....#
#.### .... .#
##### ##


There were no monsters in sight!

Vanquished Creatures
  A dart slug (D:1)
  4 bats (D:1)
  A giant cockroach (D:1)
  A goblin (D:1)
  5 hobgoblins (D:1)
  5 jackals (D:1)
  3 kobolds (D:1)
  2 frilled lizards (D:1)
  2 rats (D:1)
24 creatures vanquished.

Notes
Turn   | Place    | Note
-------+----------+-------------------------------------------
     0 | D:1      | Colgate the Minotaur Fighter began the quest for the Orb.
     0 | D:1      | Reached XP level 1. HP: 19/19 MP: 0/0
   160 | D:1      | Reached XP level 2. HP: 25/27 MP: 1/1
   525 | D:1      | Reached XP level 3. HP: 32/33 MP: 2/2
   537 | D:1      | Quit the game

Illustrated notes

Levels and vault maps discovered:
D:1:      wheals_arrival_linesprint, layout_basic, minmay_tetromino_t4

Skill      XL: |  1  2 |
---------------+-------+-----
Fighting       | 4 |  4.0
Shields        | 4 |  4.0
Armour         | 4 |  4.0
Polearms       | 3 |  3.0
Throwing       | |  0.4

Action                   || total
-------------------------++-------
Melee: Trident           ||    67
       Headbutt          ||     6
Throw: Stone             ||    31
Armor: Scale mail        ||    30
       Robe              ||     1
Dodge: Dodged            ||    25
Block: Kite shield       ||    29
